 Dungeon Crawl Stone Soup version 0.25.1-2-g60ff931df9 (webtiles) character file.

Game seed: 10566401171961788548

27 hawla the Stinger (level 2, 0/20 HPs)
             Began as a Draconian Venom Mage on Nov 12, 2020.
             Slain by an adder (4 damage)
             ... on level 2 of the Dungeon.
             The game lasted 00:03:35 (1261 turns).

hawla the Stinger (Draconian Venom Mage)            Turns: 1261, Time: 00:03:35

Health: 0/20       AC:  4    Str: 10    XL:     2   Next: 93%
Magic:  1/5        EV: 12    Int: 15    God:
Gold:   31         SH:  0    Dex: 11    Spells: 2/5 levels left

rFire    . . .     SeeInvis .   (no weapon)
rCold    . . .     Gourm    .   (no shield)
rNeg     . . .     Faith    .   (armour unavailable)
rPois    .         Spirit   .   (helmet restricted)
rElec    .         Reflect  .   (no cloak)
rCorr    .         Harm     .   (no gloves)
MR       .....                  (no boots)
Stlth    ++........             (no amulet)
HPRegen  0.06/turn              (no ring)
MPRegen  0.09/turn              (no ring)

@: no status effects
A: unfitting armour, cold-blooded, AC +4
a: no special abilities


You were on level 2 of the Dungeon.
You were not hungry.

You visited 1 branch of the dungeon, and saw 2 of its levels.

You collected 31 gold pieces.

Inventory:

Potions
 c - a potion of resistance {unknown}
 d - 2 potions of curing {unknown}
Comestibles
 b - 2 rations


   Skills:
 - Level 1.7 Dodging
 - Level 1.7 Stealth
 - Level 2.0 Spellcasting
 + Level 2.0 Transmutations
 + Level 0.5 Air Magic
 + Level 3.5 Poison Magic


You had 2 spell levels left.
You knew the following spells:

 Your Spells              Type           Power        Failure   Level  Hunger
a - Sting                 Tmut/Pois      #...         7%          1    #......
b - Poisonous Vapours     Pois/Air       #.....       14%         2    ###....

Your spell library contained the following spells:

 Spells                   Type           Power        Failure   Level  Hunger
 Ignite Poison            Fire/Tmut/Pois #.......     30%         3    ###....
 Mephitic Cloud           Conj/Pois/Air  #.......     36%         3    ###....
 Olgreb's Toxic Radiance  Pois           ##......     45%         4    #####..


Dungeon Overview and Level Annotations

Branches:
Dungeon (2/15)

Altars:


Innate Abilities, Weirdness & Mutations

Your plain brown scales are hard. (AC +4)
You cannot fit into any form of body armour.
You are cold-blooded and may be slowed by cold attacks.


Message History

Aim: a worm (heavily wounded)
The sting hits the worm.
The worm is poisoned.
The worm is heavily wounded.
The adder bites you. The adder bites you but does no damage.
You aren't carrying any scrolls.
Unknown command.
The adder closely misses you. The worm bites you!
Ouch! That really hurt!
* * * LOW HITPOINT WARNING * * *
The adder bites you but does no damage. The adder misses you.
You see here a scroll labeled ZOOSIC OTSEPN.
a - a scroll labeled ZOOSIC OTSEPN The adder bites you but does no damage.
The worm completely misses you. The adder barely misses you.
As you read the scroll labeled ZOOSIC OTSEPN, it crumbles to dust.
The creatures around you are filled with an inner flame!
It was a scroll of immolation.
Flame seeps out of the worm.
The adder bites you.
You die...

#.............
#............. ...
#.............
#....#.............
###....#..............#
#.....................#
####....................#
................@.......+
...............Sw.......#
........................#
#....................#
########.............#
########......# #......#
#......# #......#


You could see a worm (inner flame, poisoned) and an adder (inner flame).

Vanquished Creatures
  A dart slug (D:1)
  3 giant cockroaches (D:1)
  3 goblins (D:1)
  4 hobgoblins (D:1)
  4 jackals (D:1)
  2 bats (D:1)
  2 kobolds (D:1)
  2 rats (D:1)
21 creatures vanquished.

Notes
Turn   | Place    | Note
-------+----------+-------------------------------------------
     0 | D:1      | hawla the Draconian Venom Mage began the quest for the Orb.
     0 | D:1      | Reached XP level 1. HP: 14/14 MP: 3/3
   292 | D:1      | Reached XP level 2. HP: 20/20 MP: 1/5
   299 | D:1      | Learned a level 2 spell: Poisonous Vapours
  1261 | D:2      | Slain by an adder

Illustrated notes

Levels and vault maps discovered:
D:1:      dpeg_arrival_boxes_within_box, layout_rooms, serial_curves,
          eino_curves_03, eino_curves_04
D:2:      layout_basic

Skill      XL: |  1  2 |
---------------+-------+-----
Transmutations | 2 |  2.0
Dodging        | |  1.7
Stealth        | |  1.7
Spellcasting   | |  2.0
Air Magic      | |  0.5
Poison Magic   | |  3.5

Action                   || total
-------------------------++-------
Melee: Unarmed           ||    10
       Tailslap          ||     1
 Cast: Sting             ||    27
       Poisonous Vapours ||    11
  Use: Scroll            ||     3
  Eat: Chunk             ||     2
Armor: Skin              ||    10
Dodge: Dodged            ||    24
